 Dungeon Crawl Stone Soup version 0.30.0-20-g3615ddf2f0 (webtiles) character file.

Game seed: 16683491827811130876

124557 qw the Severer (level 16, -38/104 HPs)
             Began as a Gargoyle Fighter on May 31, 2023.
             Was an Elder of Okawaru.
             Killed from afar by a bog body (40 damage)
             ... with a bolt of cold
             ... on level 2 of the Swamp.
             The game lasted 00:15:49 (27713 turns).

qw the Severer (Gargoyle Fighter)                  Turns: 27713, Time: 00:15:50

Health: -38/104    AC: 41    Str: 31    XL:     16   Next: 93%
Magic:  21/23      EV: 20    Int:  9    God:    Okawaru [****..]
Gold:   888        SH: 13    Dex:  8    Spells: 15/15 levels left

rFire   + . .        Y - +5 broad axe (protect)
rCold   x . .        m - +0 kite shield
rNeg    + . .        L - +4 plate armour {rF+}
rPois   inf          D - +2 hat
rElec   +            c - +1 cloak "Tavurph" {-Cast Rampage rElec Stlth+}
rCorr   .            q - +2 pair of gloves
SInv    .            f - +2 pair of boots
Will    ++...        C - amulet of the Dragon {Faith +Inv rPois rC- Will+} Stlth
                     y - +5 ring of evasion
HPRegen 0.37/turn    N - +5 ring of evasion
MPRegen 0.18/turn

%: no spellcasting, rampage, faith
@: heroic, marked, corroded, under a protective aura, flying
A: sickness immunity, AC +12, big wings, negative energy resistance 1,
electricity resistance, torment resistance 1, petrification resistance, antennae
1, strong 1
a: Renounce Religion, Evoke Invisibility, Heroism, Finesse


You were on level 2 of the Swamp.
You worshipped Okawaru.
Okawaru was greatly pleased with you.
You visited 5 branches of the dungeon, and saw 25 of its levels.
You also visited: Gauntlet.

You collected 2466 gold pieces.
You spent 1578 gold pieces at shops.


Innate Abilities, Weirdness & Mutations

You are immune to sickness and miasma.
Your stone body is resilient. (AC +12)
You are immune to poison.
Your large and strong wings let you fly.
You resist negative energy. (rN+)
You are resistant to electric shocks. (rElec)
You are resistant to unholy torment.
You are immune to petrification.
You have a pair of small antennae on your head.
Your muscles are strong. (Str +4, Int/Dex -1)


   Skills:
 + Level 13.6(18.6) Fighting
 - Level 18.0(23.0) Axes
 - Level 6.1(11.1) Throwing
 - Level 12.0(17.0) Armour
 - Level 3.0(8.0) Dodging
 - Level 13.5(18.5) Shields
 - Level 10.0 Invocations


You had 15 spell levels left.
You didn't know any spells.
Your spell library was empty.

Inventory:

Hand Weapons
 s - a +2 war axe of flaming
 Y - a +5 broad axe of protection (weapon)
Missiles
 p - 22 boomerangs (quivered)
Armour
 c - the +1 cloak "Tavurph" (worn) {-Cast Rampage rElec Stlth+}
   (You found it on level 11 of the Dungeon)

   rElec:     It insulates you from electricity.
   -Cast:     It prevents spellcasting.
   Rampage:   It bestows one free step when moving towards enemies.
   Stlth:     It makes you more stealthy.
 f - a +2 pair of boots (worn)
 m - a +0 kite shield (worn)
 n - the +15 Maxwell's patent armour {-Cast -Tele rElec Will+ rCorr}
   (Okawaru gifted it to you on level 11 of the Dungeon)

   rElec:     It insulates you from electricity.
   -Cast:     It prevents spellcasting.
   -Tele:     It prevents most forms of teleportation.
   rCorr:     It protects you from acid and corrosion.
   Will:      It increases your willpower.
 q - a +2 pair of gloves (worn)
 t - +0 acid dragon scales
 D - a +2 hat (worn)
 L - a +4 plate armour of fire resistance (worn)
 M - a +2 plate armour of cold resistance
Jewellery
 e - a ring of resist corrosion
 j - a ring of ice
 o - the ring of Metuck {Fire +Blink Str+4 Stlth-}
   (You found it on level 5 of the Lair of Beasts)

   [ring of fire]

   It enhances your fire magic.
   Str:       It affects your strength (+4).
   rF:        It protects you from fire.
   rC:        It makes you vulnerable to cold.
   +Blink:    It lets you blink.
   Stlth:     It makes you less stealthy.
 x - a ring of protection from fire
 y - a +5 ring of evasion (left hand)
 z - the ring "Sizits" {Wiz rC+}
   (You found it on level 3 of the Dungeon)

   [ring of wizardry]

   It improves your spell success rate.
   rC:        It protects you from cold.
 C - the amulet of the Dragon (around neck) {Faith +Inv rPois rC- Will+}
   (You acquired it on level 10 of the Dungeon)

   [amulet of faith]

   It allows you to gain divine favour quickly.
   rC:        It makes you vulnerable to cold.
   rPois:     It protects you from poison.
   +Inv:      It lets you turn invisible.
   Will:      It increases your willpower.
 F - a ring of resist corrosion
 H - the amulet of Pygagh {Reflect Contam rPois rC+++ SH+5 Stlth-}
   (You found it on level 11 of the Dungeon)

   [amulet of reflection]

   It reflects blocked missile attacks.
   rC:        It renders you almost immune to cold.
   rPois:     It protects you from poison.
   Contam:    It causes magical contamination when unequipped.
   SH:        It affects your SH (+5).
   Stlth:     It makes you less stealthy.
 N - a +5 ring of evasion (right hand)
Wands
 w - a wand of digging (8)
Scrolls
 h - 9 scrolls of identify
Potions
 a - 5 potions of haste
 b - a potion of magic
 d - 5 potions of might
 i - 9 potions of lignification
 k - 14 potions of curing
 r - 7 potions of attraction
 u - 3 potions of mutation
 v - 2 potions of resistance

Dungeon Overview and Level Annotations

Branches:
Dungeon (15/15)            Temple (1/1) D:5            Lair (5/5) D:8
  Swamp (2/4) Lair:2       Spider (0/4) Lair:3        Slime (0/5) Lair:4
    Orc (2/2) D:11            Elf (0/3) Orc:2        Vaults (0/5) D:13
 Depths (0/4) D:15        Gauntlet (visited)

Altars:
Ashenzari
Cheibriados
Dithmenos
Elyvilon
Fedhas
Gozag
Hepliaklqana
Kikubaaqudgha
Makhleb
Nemelex Xobeh
Okawaru
Qazlal
Ru
Sif Muna
Trog
Uskayaw
Vehumet
Wu Jian
Xom
Yredelemnul
Zin
The Shining One

Shops:
D:6 **   D:7 (?   D:9 !   D:11 *   D:13 ?   Orc:2 [=(*

Annotations:
D:7 1 runed translucent door, Crazy Yiuf
D:13 4 transporters
Lair:2 1 runed translucent door


Message History

You slash the bog body!
The bog body is heavily damaged.
You barely miss the bog body.
The bog body is heavily damaged.
The goliath frog completely misses you. You block the bog body's attack.
You closely miss the bog body.
The bog body is heavily damaged.
The goliath frog hits you but does no damage.
The bog body casts a spell at you. The bolt of cold misses you.
You slice the bog body!!
You destroy the bog body!
Okawaru accepts your kill. The goliath frog closely misses you.
The ghost crab breathes spectral mist at you.
The spectral mist engulfs you but does no damage.
You barely miss the spectral death drake.
You are engulfed in spectral mist.
You feel like a meek peon again.
A swamp worm comes into view.
The goliath frog is engulfed in spectral mist.
The goliath frog misses you.
The ghost crab breathes spectral mist at you.
The spectral mist engulfs you but does no damage.
27712 ||| INVOKING Heroism.
You gain the combat prowess of a mighty hero.
You are engulfed in spectral mist.
The goliath frog is engulfed in spectral mist.
The goliath frog hits you from afar!
You are splashed with acid!
You block the spectral death drake's attack.
The ghost crab breathes spectral mist at you.
The spectral mist engulfs you but does no damage.
You hit the spectral death drake.
The spectral death drake is lightly damaged.
You are engulfed in spectral mist.
The bog body points at you and mumbles some strange words.
The bolt of cold hits the spectral death drake!
The spectral death drake resists.
The bolt of cold hits you!!!
You feel a terrible chill!
You die...

~~~~~~>...~ ~~.7.~.77
7..~~~~~¤~~..~~~
~~~.7w~~.77~..~~~~~~~~i.~~~
~~~~~.~~.n..~~~
~~~¤¤...0~0~0~i~~~~.~~...~~
~~~~~~~..¤Z0F~~.~..77~..~~~
....~~~..¤@¤....~~¤ 7.....~
777.$.~7770.¤~~.. 7~...~77
..~~~.7 7~..... 7..~.77
7¤~.~.7 7~777 7~~~¤~ 77
7.~~~~ 77... 77~7


You could see a ghost crab, a spriggan druid, a spectral death drake (summoned),
a goliath frog, a bog body and 2 swamp worms.

Vanquished Creatures
  Jorgrun (Swamp:1)
  Gastronok (D:11)
  3 orc warlords (Orc:2)
  A reaper (Gauntlet)
  2 eleionomae (Swamp:2)
  A bunyip (Swamp:2)
  A minotaur (Gauntlet)
  A fire dragon (D:15)
  2 ettins
  Josephine (D:12)
  Fannar (D:10)
  A yaktaur captain (D:15)
  Harold (D:10)
  2 ice dragons
  11 hydras
  2 ogre magi (D:15)
  An alligator (Swamp:1)
  5 centaur warriors
  8 two-headed ogres
  4 boulder beetles
  8 death yaks
  3 orc high priests (Orc:2)
  A deep troll earth mage (D:11)
  2 tengu warriors (D:15)
  Nergalle (D:10)
  Urug (D:10)
  A soul eater (D:15)
  A fire crab (D:15)
  4 goliath frogs
  A glowing orange brain (D:15)
  A pharaoh ant (Lair:3)
  Amaemon (D:8)
  A bog body (Swamp:2)
  A swamp dragon (Swamp:1)
  A swamp dragon (shapeshifter) (D:13)
  A phantasmal warrior (D:11)
  3 wizards
  A necromancer (D:15)
  3 deep elf pyromancers
  3 will-o-the-wisps
  2 manticores (D:15)
  5 orc knights
  12 ugly things
  5 orc sorcerers (Orc:2)
  A wolf spider (D:15)
  An oklob plant (Lair:3)
  4 cyclopes
  2 guardian serpents (shapeshifter)
  5 elephants (Lair:5)
  Maurice (Orc:1)
  3 black mambas
  2 orange demons
  A torpor snail (shapeshifter) (D:12)
  2 gargoyles
  2 smoke demons (D:15)
  Maggie (D:8)
  8 cane toads
  2 torpor snails
  2 unseen horrors
  Psyche (D:8)
  A yaktaur (D:15)
  12 komodo dragons
  2 efreet (D:14)
  2 freezing wraiths (D:11)
  3 kobold demonologists
  3 tengu conjurers
  2 rime drakes
  9 polar bears
  9 trolls
  A hellwing (Gauntlet)
  2 red devils (D:15)
  3 tyrant leeches
  2 tarantellas (Lair:3)
  10 blink frogs
  A polar bear (shapeshifter) (D:13)
  8 hornets
  18 slime creatures
  2 dream sheep (Lair:1)
  A jumping spider (Lair:3)
  A vampire (D:13)
  Sigmund (D:5)
  A ynoxinul (Gauntlet)
  5 wraiths
  A shadow (D:11)
  12 spriggans (Lair:5)
  3 wyverns
  A human (Lair:2)
  71 yaks
  5 vampire mosquitoes
  A neqoxec (D:15)
  2 steam dragons (D:9)
  6 basilisks
  Grum (D:8)
  7 swamp worms
  14 water moccasins
  4 wargs (Orc:2)
  3 acid dragons
  3 black bears
  A swamp drake (Swamp:2)
  35 orc warriors
  39 wolves
  4 boggarts (Lair:5)
  A tengu (shapeshifter) (D:11)
  16 centaurs
  9 ogres
  A phantom (D:6)
  2 kobold brigands
  11 bullfrogs
  A gnoll sergeant (D:7)
  6 scorpions
  A wight (D:7)
  3 killer bees (D:10)
  4 howler monkeys
  4 iron imps (Gauntlet)
  6 hounds
  2 jellies
  15 orc priests
  3 sleepcaps
  A hell rat (D:8)
  An iguana (D:4)
  27 orc wizards
  A boggart simulacrum (D:14)
  20 gnolls
  9 adders
  3 river rats
  A shadow imp (D:5)
  2 white imps
  An ufetubus (D:6)
  A dart slug (D:1)
  101 orcs
  5 ball pythons
  6 endoplasms
  2 giant cockroaches
  7 hobgoblins
  15 jackals
  16 kobolds
  8 quokkas
  8 bats
  3 frilled lizards
  9 goblins
  13 rats
808 creatures vanquished.

Vanquished Creatures (others)
  2 orcs
  8 foxfires
10 creatures vanquished.

Grand Total: 818 creatures vanquished

Notes
Turn   | Place    | Note
-------+----------+-------------------------------------------
     0 | D:1      | qw the Gargoyle Fighter began the quest for the Orb.
     0 | D:1      | Reached XP level 1. HP: 14/14 MP: 1/1
     0 | D:1      | 0 ||| qw: Version: 0.2-a-102-gfc559e5
     0 | D:1      | 0 ||| qw: Game counter: 569
     0 | D:1      | 0 ||| qw: Always use a shield: true
     0 | D:1      | 0 ||| qw: God list: Okawaru
     0 | D:1      | 0 ||| qw: Allow faded altars: false
     0 | D:1      | 0 ||| qw: Do Orc after D:15 true
     0 | D:1      | 0 ||| qw: Do second Lair branch before Depths: true
     0 | D:1      | 0 ||| qw: Lair rune preference: random
     0 | D:1      | 0 ||| qw: Plans: Normal, Zot:1-4, Slime:5, God:TSO, Crypt,
                  | Tomb, Pan, Hells, Abyss, Win
     0 | D:1      | 0 ||| PLANNING D:1-11
    28 | D:1      | Reached skill level 2 in Axes
   113 | D:1      | Reached XP level 2. HP: 19/19 MP: 2/2
   341 | D:1      | 341 ||| Stepping ~*~*~tactically~*~*~ (stealth).
   347 | D:1      | 347 ||| FLEEEEING.
   365 | D:1      | 365 ||| Stepping ~*~*~tactically~*~*~ (stealth).
   366 | D:1      | 366 ||| Stepping ~*~*~tactically~*~*~ (stealth).
   687 | D:1      | Reached skill level 3 in Axes
   758 | D:1      | Reached XP level 3. HP: 23/23 MP: 3/3
   897 | D:1      | 897 ||| DROPPING amulet of magic regeneration.
   898 | D:1      | 898 ||| READING 2 scrolls labelled KUECUM LY EDIURPH.
   899 | D:1      | 899 ||| READING scroll labelled GUPIAD DIFFU.
   900 | D:1      | 900 ||| READING 2 scrolls labelled CEEWARH MO SOZA.
   901 | D:1      | 901 ||| DROPPING scroll of amnesia.
   947 | D:2      | 947 ||| Stepping ~*~*~tactically~*~*~ (hiding).
   948 | D:2      | 948 ||| Stepping ~*~*~tactically~*~*~ (hiding).
  1129 | D:2      | Identified the +2 buckler "Hidohurgh" {Str+5}
  1461 | D:2      | 1461 ||| Stepping ~*~*~tactically~*~*~ (stealth).
  1533 | D:2      | 1533 ||| DROPPING +0 club.
  1579 | D:2      | Identified the ring "Cafaoz" {Fly Stlth+}
  1684 | D:2      | 1684 ||| Stepping ~*~*~tactically~*~*~ (stealth).
  1902 | D:2      | 1902 ||| UPGRADING to +2 buckler "Hidohurgh" {Str+5}.
  1912 | D:2      | 1912 ||| DROPPING +0 buckler.
  1913 | D:2      | 1913 ||| UPGRADING to +0 cloak.
  1918 | D:2      | 1918 ||| DROPPING ring "Cafaoz" {Fly Stlth+}.
  1919 | D:2      | 1919 ||| DROPPING ring of wizardry.
  1920 | D:2      | 1920 ||| UPGRADING to ring of positive energy.
  1921 | D:2      | 1921 ||| READING scroll labelled DAANOO RAOQI.
  1926 | D:2      | 1926 ||| READING scroll labelled TAZASTR MALIF.
  1927 | D:2      | 1927 ||| READING scroll labelled IHEGRO ZULON.
  1941 | D:2      | 1941 ||| READING scroll labelled SARPHU VOTE.
  1942 | D:2      | 1942 ||| READING scroll labelled BAANESCH IRHOLL.
  1943 | D:2      | 1943 ||| READING scroll labelled NUAQIKLOEN.
  1944 | D:2      | 1944 ||| DRINKING 2 cyan potions.
  1992 | D:2      | 1992 ||| DRINKING 2 golden potions.
  2012 | D:3      | 2012 ||| PLANNING SEWER
  2041 | D:3      | HP: 5/23 [orc priest/+0 club (3)]
  2047 | D:3      | Reached skill level 4 in Axes
  2047 | D:3      | Reached XP level 4. HP: 6/28 MP: 4/4
  2058 | D:3      | 2058 ||| FLEEEEING.
  2060 | D:3      | 2060 ||| FLEEEEING.
  2061 | D:3      | 2061 ||| FLEEEEING.
  2062 | D:3      | 2062 ||| FLEEEEING.
  2063 | D:3      | 2063 ||| FLEEEEING.
  2064 | D:3      | 2064 ||| FLEEEEING.
  2067 | D:3      | 2067 ||| FLEEEEING.
  2068 | D:3      | 2068 ||| FLEEEEING.
  2069 | D:3      | 2069 ||| FLEEEEING.
  2070 | D:3      | 2070 ||| STAIRDANCE
  2286 | D:3      | Reached XP level 5. HP: 32/32 MP: 5/5
  2331 | D:3      | 2331 ||| DROPPING +0 heavy mace.
  2401 | D:3      | Reached skill level 5 in Axes
  2405 | D:3      | Identified the ring "Sizits" {Wiz rC+}
  2416 | D:3      | 2416 ||| Stepping ~*~*~tactically~*~*~ (stealth).
  2562 | D:3      | Reached skill level 1 in Dodging
  2593 | D:3      | 2593 ||| RIP SEWER
  2607 | D:3      | 2607 ||| PLANNING D:1-11
  2894 | D:3      | 2894 ||| UPGRADING to +0 chain mail.
  2904 | D:3      | 2904 ||| DROPPING +0 scale mail.
  2905 | D:3      | 2905 ||| UPGRADING to ring "Sizits" {Wiz rC+}.
  2906 | D:3      | 2906 ||| READING 2 scrolls of identify.
  2906 | D:3      | 2906 ||| IDENTIFYING sapphire potion
  3067 | D:4      | Reached XP level 6. HP: 38/38 MP: 6/6
  3126 | D:4      | 3126 ||| Stepping ~*~*~tactically~*~*~ (stealth).
  3128 | D:4      | 3128 ||| Stepping ~*~*~tactically~*~*~ (stealth).
  3136 | D:4      | 3136 ||| Stepping ~*~*~tactically~*~*~ (stealth).
  3137 | D:4      | 3137 ||| Stepping ~*~*~tactically~*~*~ (stealth).
  3195 | D:4      | Reached skill level 6 in Axes
  3307 | D:4      | Reached XP level 7. HP: 43/43 MP: 7/7
  3407 | D:4      | 3407 ||| Stepping ~*~*~tactically~*~*~ (hiding).
  3866 | D:4      | 3866 ||| READING scroll labelled ZUS ARAIL OSKEMNOA.
  3873 | D:5      | Entered Level 5 of the Dungeon
  3929 | D:5      | Found a staircase to the Ecumenical Temple.
  3930 | D:5      | 3930 ||| PLANNING TEMPLE
  3939 | D:5      | 3939 ||| FLEEEEING.
  3940 | D:5      | 3940 ||| FLEEEEING.
  3941 | D:5      | 3941 ||| FLEEEEING.
  3944 | D:5      | 3944 ||| STAIRDANCE
  3961 | D:4      | 3961 ||| UPGRADING to +0 helmet.
  3989 | Temple   | Entered the Ecumenical Temple
  4044 | Temple   | 4044 ||| PLANNING D:1-11
  4094 | D:5      | HP: 4/43 [ogre/+0 giant spiked club (19)]
  4095 | D:5      | 4095 ||| READING scroll of teleportation.
  4097 | D:5      | Reached skill level 7 in Axes
  4296 | D:5      | 4296 ||| Stepping ~*~*~tactically~*~*~ (stealth).
  4299 | D:5      | 4299 ||| Stepping ~*~*~tactically~*~*~ (stealth).
  4453 | D:5      | Noticed Sigmund
  4454 | D:5      | 4454 ||| Stepping ~*~*~tactically~*~*~ (hiding).
  4484 | D:5      | 4484 ||| DRINKING 2 potions of curing.
  4484 | D:5      | 4484 ||| (to cure confusion)
  4487 | D:5      | Killed Sigmund
  4488 | D:5      | Reached XP level 8. HP: 49/51 MP: 8/8
  4514 | D:5      | Found a blossoming altar of Fedhas.
  4638 | D:5      | 4638 ||| Stepping ~*~*~tactically~*~*~ (stealth).
  4740 | D:5      | 4740 ||| UPGRADING to +0 pair of gloves.
  4940 | D:5      | 4940 ||| Stepping ~*~*~tactically~*~*~ (hiding).
  5348 | D:5      | 5348 ||| DROPPING ring of flight.
  5361 | D:5      | 5361 ||| Stepping ~*~*~tactically~*~*~ (stealth).
  5387 | D:5      | 5387 ||| Stepping ~*~*~tactically~*~*~ (stealth).
  5401 | D:5      | 5401 ||| FLEEEEING.
  5602 | D:5      | 5602 ||| DRINKING 2 sedimented orange potions.
  5603 | D:5      | 5603 ||| DROPPING potion of flight.
  5681 | D:6      | Reached skill level 8 in Axes
  5718 | D:6      | Reached skill level 6 in Fighting
  5933 | D:6      | 5933 ||| Stepping ~*~*~tactically~*~*~ (hiding).
  5943 | D:6      | Reached skill level 9 in Axes
  5958 | D:6      | Reached XP level 9. HP: 36/55 MP: 9/9
  6019 | D:6      | 6019 ||| Stepping ~*~*~tactically~*~*~ (stealth).
  6020 | D:6      | 6020 ||| Stepping ~*~*~tactically~*~*~ (stealth).
  6100 | D:6      | Found Jeri's General Store.
  6104 | D:6      | Found Veadu's Specific Store.
  6108 | D:6      | 6108 ||| BUYING +1 flail of draining (133 gold).
  6108 | D:6      | Bought a +1 flail of draining for 133 gold pieces
  6108 | D:6      | 6108 ||| BUYING 2 potions of lignification (60 gold).
  6108 | D:6      | Bought 2 potions of lignification for 60 gold pieces
  6108 | D:6      | 6108 ||| BUYING scroll of identify (20 gold).
  6108 | D:6      | Bought a scroll of identify for 20 gold pieces
  6108 | D:6      | 6108 ||| BUYING scroll of identify (20 gold).
  6108 | D:6      | Bought a scroll of identify for 20 gold pieces
  6108 | D:6      | 6108 ||| BUYING scroll of teleportation (30 gold).
  6108 | D:6      | Bought a scroll of teleportation for 30 gold pieces
  6108 | D:6      | 6108 ||| DROPPING +0 flail.
  6118 | D:6      | 6118 ||| Stepping ~*~*~tactically~*~*~ (stealth).
  6158 | D:6      | Found a glowing silver altar of Zin.
  6357 | D:6      | 6357 ||| UPGRADING to +0 plate armour.
  6367 | D:6      | 6367 ||| DROPPING +0 chain mail.
  6368 | D:6      | 6368 ||| READING 4 scrolls of identify.
  6368 | D:6      | 6368 ||| IDENTIFYING black potion
  6369 | D:6      | 6369 ||| READING 3 scrolls of identify.
  6369 | D:6      | 6369 ||| IDENTIFYING dark potion
  6370 | D:6      | 6370 ||| READING 2 scrolls of identify.
  6370 | D:6      | 6370 ||| IDENTIFYING fizzy purple potion
  6371 | D:6      | 6371 ||| DROPPING potion of ambrosia.
  6372 | D:6      | 6372 ||| DROPPING potion of invisibility.
  6572 | D:7      | Found Buco's Hydra Hut.
  6662 | D:7      | Noticed a four-headed hydra
  6666 | D:7      | 6666 ||| SHOPLISTING +2 hand axe of flaming (191 gold, have
                  | 92).
  6666 | D:7      | 6666 ||| SHOPLISTING +2 war axe of flaming (201 gold, have
                  | 92).
  6731 | D:7      | Found Ycwoh's Magic Scroll Boutique.
  6739 | D:7      | 6739 ||| BUYING scroll of enchant armour (82 gold).
  6739 | D:7      | Bought a scroll of enchant armour for 82 gold pieces
  6739 | D:7      | 6739 ||| BUYING scroll of identify (22 gold).
  6739 | D:7      | Bought a scroll of identify for 22 gold pieces
  6739 | D:7      | 6739 ||| SHOPLISTING scroll of identify (22 gold, have 6).
  6739 | D:7      | 6739 ||| SHOPLISTING scroll of teleportation (33 gold, have
                  | 6).
  6739 | D:7      | 6739 ||| READING scroll of enchant armour.
  6739 | D:7      | 6739 ||| ENCHANTING +0 pair of gloves.
  6802 | D:7      | Reached skill level 6 in Armour
  6803 | D:7      | Found a shimmering blue altar of Sif Muna.
  6835 | D:7      | Found a broken altar of Ashenzari.
  6952 | D:7      | Found an iron altar of Okawaru.
  6953 | D:7      | 6953 ||| PLANNING OKAWARU WORSHIP
  6967 | D:7      | 6967 ||| UPGRADING to +0 pair of boots.
  6972 | D:7      | 6972 ||| UPGRADING to +4 ring of slaying {mikee}.
  6974 | D:7      | 6974 ||| READING 2 scrolls labelled MYIGYE NUKU.
  6975 | D:7      | 6975 ||| READING 4 scrolls of identify.
  6975 | D:7      | 6975 ||| IDENTIFYING murky inky potion
  6976 | D:7      | 6976 ||| DROPPING potion of brilliance.
  6977 | D:7      | 6977 ||| DROPPING scroll of blinking.
  6982 | D:7      | Became a worshipper of Warmaster Okawaru
  6982 | D:7      | 6982 ||| PLANNING D:1-11
  7027 | D:7      | Found a runed translucent door.
  7028 | D:7      | Noticed Crazy Yiuf
  7233 | D:8      | 7233 ||| Stepping ~*~*~tactically~*~*~ (hiding).
  7234 | D:8      | 7234 ||| Stepping ~*~*~tactically~*~*~ (hiding).
  7251 | D:8      | 7251 ||| Stepping ~*~*~tactically~*~*~ (hiding).
  7272 | D:8      | Reached * piety under Okawaru
  7276 | D:8      | Reached skill level 1 in Invocations
  7367 | D:8      | 7367 ||| INVOKING Heroism.
  7523 | D:8      | Noticed Grum
  7524 | D:8      | 7524 ||| INVOKING Heroism.
  7538 | D:8      | Killed Grum
  7539 | D:8      | Reached skill level 1 in Throwing
  7539 | D:8      | Reached skill level 3 in Invocations
  7539 | D:8      | Reached XP level 10. HP: 50/63 MP: 9/12
  7546 | D:8      | 7546 ||| INVOKING Heroism.
  7730 | D:8      | Noticed Maggie
  7735 | D:8      | 7735 ||| INVOKING Heroism.
  7745 | D:8      | 7745 ||| DRINKING 4 potions of curing.
  7745 | D:8      | 7745 ||| (to cure confusion)
  7747 | D:8      | Killed Maggie
  7843 | D:8      | 7843 ||| DROPPING +1 flail of draining.
  7856 | D:8      | Noticed a death yak
  7856 | D:8      | Noticed a death yak
  7857 | D:8      | 7857 ||| INVOKING Heroism.
  7865 | D:8      | Noticed a death yak
  7878 | D:8      | Killed a death yak
  7878 | D:8      | Reached ** piety under Okawaru
  7879 | D:8      | Reached skill level 10 in Axes
  7883 | D:8      | 7883 ||| INVOKING Heroism.
  7884 | D:8      | HP: 10/63 [death yak (17)]
  7885 | D:8      | 7885 ||| READING 2 scrolls of teleportation.
  7886 | D:8      | 7886 ||| DRINKING potion of heal wounds.
  7890 | D:8      | Killed a death yak
  7978 | D:8      | 7978 ||| Stepping ~*~*~tactically~*~*~ (stealth).
  8038 | D:8      | Found a staircase to the Lair.
  8039 | D:8      | 8039 ||| INVOKING Heroism.
  8050 | D:8      | Killed a death yak
  8051 | D:8      | Reached skill level 6 in Shields
  8215 | D:8      | Noticed Amaemon
  8216 | D:8      | 8216 ||| FLEEEEING.
  8230 | D:8      | 8230 ||| FLEEEEING.
  8231 | D:8      | 8231 ||| FLEEEEING.
  8232 | D:8      | 8232 ||| FLEEEEING.
  8233 | D:8      | 8233 ||| FLEEEEING.
  8234 | D:8      | 8234 ||| FLEEEEING.
  8241 | D:8      | 8241 ||| INVOKING Heroism.
  8251 | D:8      | Killed Amaemon
  8325 | D:8      | 8325 ||| DROPPING +1 morningstar of flaming.
  8346 | D:8      | Noticed an orange demon
  8352 | D:8      | Killed an orange demon
  8352 | D:8      | Reached *** piety under Okawaru
  8353 | D:8      | Reached XP level 11. HP: 66/69 MP: 14/14
  8480 | D:8      | 8480 ||| Stepping ~*~*~tactically~*~*~ (hiding).
  8487 | D:8      | 8487 ||| Stepping ~*~*~tactically~*~*~ (stealth).
  8637 | D:8      | Noticed Psyche
  8645 | D:8      | 8645 ||| FLEEEEING.
  8647 | D:8      | 8647 ||| INVOKING Heroism.
  8657 | D:8      | Killed Psyche
  8658 | D:8      | Reached skill level 11 in Axes
  8671 | D:8      | 8671 ||| Stepping ~*~*~tactically~*~*~ (stealth).
  8719 | D:8      | 8719 ||| FLEEEEING.
  8781 | D:8      | 8781 ||| Stepping ~*~*~tactically~*~*~ (hiding).
  8845 | D:8      | 8845 ||| Stepping ~*~*~tactically~*~*~ (stealth).
  9120 | D:8      | 9120 ||| PLANNING LAIR
  9120 | D:8      | 9120 ||| READING 5 scrolls of identify.
  9120 | D:8      | 9120 ||| IDENTIFYING viscous puce potion
  9121 | D:8      | 9121 ||| DROPPING potion of berserk rage.
  9151 | Lair:1   | Entered Level 1 of the Lair of Beasts
  9206 | Lair:1   | 9206 ||| INVOKING Heroism.
  9212 | Lair:1   | Reached skill level 9 in Fighting
  9270 | Lair:1   | 9270 ||| Stepping ~*~*~tactically~*~*~ (stealth).
  9271 | Lair:1   | 9271 ||| INVOKING Heroism.
  9282 | Lair:1   | 9282 ||| Stepping ~*~*~tactically~*~*~ (stealth).
  9321 | Lair:1   | 9321 ||| Stepping ~*~*~tactically~*~*~ (stealth).
  9325 | Lair:1   | 9325 ||| Stepping ~*~*~tactically~*~*~ (stealth).
  9330 | Lair:1   | 9330 ||| INVOKING Heroism.
  9389 | Lair:1   | 9389 ||| FLEEEEING.
  9390 | Lair:1   | 9390 ||| FLEEEEING.
  9391 | Lair:1   | 9391 ||| FLEEEEING.
  9392 | Lair:1   | 9392 ||| FLEEEEING.
  9393 | Lair:1   | 9393 ||| FLEEEEING.
  9404 | Lair:1   | 9404 ||| FLEEEEING.
  9405 | Lair:1   | 9405 ||| FLEEEEING.
  9406 | Lair:1   | 9406 ||| FLEEEEING.
  9407 | Lair:1   | 9407 ||| FLEEEEING.
  9408 | Lair:1   | 9408 ||| FLEEEEING.
  9409 | Lair:1   | 9409 ||| FLEEEEING.
  9410 | Lair:1   | 9410 ||| FLEEEEING.
  9411 | Lair:1   | 9411 ||| FLEEEEING.
  9412 | Lair:1   | 9412 ||| FLEEEEING.
  9413 | Lair:1   | 9413 ||| FLEEEEING.
  9414 | Lair:1   | 9414 ||| FLEEEEING.
  9421 | Lair:1   | 9421 ||| INVOKING Heroism.
  9428 | Lair:1   | Reached skill level 9 in Armour
  9563 | Lair:1   | 9563 ||| INVOKING Heroism.
 10039 | Lair:1   | 10039 ||| READING scroll labelled WUXEUL DETU.
 10040 | Lair:1   | 10040 ||| DRINKING 2 blue potions.
 10041 | Lair:1   | 10041 ||| DRINKING 2 murky golden potions.
 10041 | Lair:1   | Gained mutation: Your muscles are strong. (Str +4, Int/Dex
                  | -1) [potion of mutation]
 10041 | Lair:1   | Gained mutation: You have a pair of small antennae on your
                  | head. [potion of mutation]
 10042 | Lair:1   | 10042 ||| DROPPING +0 helmet.
 10140 | Lair:2   | Received a gift from Okawaru
 10262 | Lair:2   | 10262 ||| Stepping ~*~*~tactically~*~*~ (stealth).
 10263 | Lair:2   | 10263 ||| Stepping ~*~*~tactically~*~*~ (stealth).
 10275 | Lair:2   | Reached **** piety under Okawaru
 10352 | Lair:2   | 10352 ||| INVOKING Heroism.
 10393 | Lair:2   | 10393 ||| Stepping ~*~*~tactically~*~*~ (hiding).
 10397 | Lair:2   | 10397 ||| INVOKING Heroism.
 10450 | Lair:2   | Found a staircase to the Swamp.
 10456 | Lair:2   | 10456 ||| INVOKING Heroism.
 10696 | Lair:2   | 10696 ||| Stepping ~*~*~tactically~*~*~ (stealth).
 10697 | Lair:2   | 10697 ||| INVOKING Heroism.
 10710 | Lair:2   | Noticed a six-headed hydra
 10715 | Lair:2   | Reached skill level 12 in Axes
 10715 | Lair:2   | Reached XP level 12. HP: 74/76 MP: 14/16
 10719 | Lair:2   | 10719 ||| SWAPPING to +0 demon whip of venom.
 10728 | Lair:2   | HP: 15/76 [six-headed hydra (9)]
 10729 | Lair:2   | 10729 ||| READING scroll of teleportation.
 10729 | Lair:2   | HP: 6/76 [six-headed hydra (5)]
 10730 | Lair:2   | 10730 ||| DRINKING 3 potions of heal wounds.
 10732 | Lair:2   | Killed a six-headed hydra
 10733 | Lair:2   | Reached skill level 6 in Invocations
 10733 | Lair:2   | 10733 ||| SWAPPING to +1 war axe.
 10941 | Lair:2   | Found a runed translucent door.
 10971 | Lair:2   | 10971 ||| SWAPPING to +2 war axe of flaming.
 10972 | Lair:2   | 10972 ||| DROPPING +0 demon whip of venom.
 10973 | Lair:2   | 10973 ||| DROPPING +1 war axe.
 10975 | Lair:2   | Noticed a reaper
 11035 | Lair:2   | Reached skill level 3 in Throwing
 11522 | Lair:2   | 11522 ||| DROPPING ring of positive energy.
 11523 | Lair:2   | 11523 ||| DROPPING +6 ring of intelligence.
 11582 | Lair:3   | 11582 ||| Stepping ~*~*~tactically~*~*~ (stealth).
 11589 | Lair:3   | 11589 ||| INVOKING Heroism.
 11617 | Lair:3   | Found a hole to the Spider Nest.
 11618 | Lair:3   | 11618 ||| Stepping ~*~*~tactically~*~*~ (stealth).
 11620 | Lair:3   | 11620 ||| INVOKING Heroism.
 11624 | Lair:3   | 11624 ||| Stepping ~*~*~tactically~*~*~ (stealth).
 11635 | Lair:3   | 11635 ||| INVOKING Heroism.
 11637 | Lair:3   | 11637 ||| Stepping ~*~*~tactically~*~*~ (stealth).
 11689 | Lair:3   | 11689 ||| Stepping ~*~*~tactically~*~*~ (stealth).
 11690 | Lair:3   | 11690 ||| Stepping ~*~*~tactically~*~*~ (stealth).
 11700 | Lair:3   | 11700 ||| Stepping ~*~*~tactically~*~*~ (stealth).
 11701 | Lair:3   | 11701 ||| Stepping ~*~*~tactically~*~*~ (stealth).
 11728 | Lair:3   | 11728 ||| Stepping ~*~*~tactically~*~*~ (stealth).
 11729 | Lair:3   | 11729 ||| Stepping ~*~*~tactically~*~*~ (stealth).
 11730 | Lair:3   | 11730 ||| Stepping ~*~*~tactically~*~*~ (stealth).
 11761 | Lair:3   | 11761 ||| INVOKING Heroism.
 11764 | Lair:3   | Received a gift from Okawaru
 11892 | Lair:3   | Found a dark tunnel.
 11896 | Lair:3   | 11896 ||| INVOKING Heroism.
 12016 | Lair:3   | 12016 ||| INVOKING Heroism.
 12456 | Lair:3   | 12456 ||| FLEEEEING.
 12528 | Lair:3   | 12528 ||| INVOKING Heroism.
 12776 | Lair:3   | 12776 ||| UPGRADING to +0 kite shield.
 12786 | Lair:3   | 12786 ||| DROPPING +2 buckler "Hidohurgh" {Str+5}.
 12787 | Lair:3   | 12787 ||| UPGRADING to amulet of regeneration.
 12801 | Lair:4   | 12801 ||| PLANNING GAUNTLET
 12801 | Lair:4   | 12801 ||| INVOKING Heroism.
 12810 | Lair:4   | Reached skill level 9 in Invocations
 12853 | Lair:4   | 12853 ||| INVOKING Heroism.
 12890 | Lair:4   | Noticed a four-headed hydra
 12899 | Lair:4   | 12899 ||| INVOKING Heroism.
 12903 | Lair:4   | Killed a one-headed hydra
 12924 | Lair:4   | Noticed a four-headed hydra
 12925 | Lair:4   | 12925 ||| Stepping ~*~*~tactically~*~*~ (stealth).
 12933 | Lair:4   | 12933 ||| INVOKING Heroism.
 12935 | Lair:4   | Killed a one-headed hydra
 12954 | Lair:4   | 12954 ||| Stepping ~*~*~tactically~*~*~ (stealth).
 12957 | Lair:4   | 12957 ||| Stepping ~*~*~tactically~*~*~ (stealth).
 12967 | Lair:4   | Received a gift from Okawaru
 12969 | Lair:4   | Reached XP level 13. HP: 82/82 MP: 20/20
 12969 | Lair:4   | 12969 ||| Stepping ~*~*~tactically~*~*~ (stealth).
 12987 | Lair:4   | Reached skill level 9 in Shields
 12992 | Lair:4   | 12992 ||| INVOKING Heroism.
 13159 | Lair:4   | Found a staircase to the Slime Pits.
 13205 | Lair:4   | Found a gate leading to a gauntlet.
 13206 | Lair:4   | 13206 ||| DROPPING scarf of shadows.
 13215 | Gauntlet | Entered a Gauntlet
 13215 | Gauntlet | Found a transporter.
 13225 | Gauntlet | Found a transporter.
 13239 | Gauntlet | Found a transporter.
 13244 | Gauntlet | Found a transporter.
 13259 | Gauntlet | Found a transporter.
 13278 | Gauntlet | Found a transporter.
 13290 | Gauntlet | Found a transporter.
 13298 | Gauntlet | Found a transporter.
 13298 | Gauntlet | Found a transporter.
 13315 | Gauntlet | Found a transporter.
 13321 | Gauntlet | Found a transporter.
 13336 | Gauntlet | Found a large runed translucent door.
 13337 | Gauntlet | Found a large runed translucent door.
 13338 | Gauntlet | Found a large runed translucent door.
 13338 | Gauntlet | Found a large runed translucent door.
 13339 | Gauntlet | Found a runed translucent gate.
 13340 | Gauntlet | Found a transporter.
 13340 | Gauntlet | Found a runed translucent gate.
 13341 | Gauntlet | Found a runed translucent gate.
 13342 | Gauntlet | Found a large runed translucent door.
 13342 | Gauntlet | Found a large runed translucent door.
 13343 | Gauntlet | Found a large runed translucent door.
 13344 | Gauntlet | Found a large runed translucent door.
 13352 | Gauntlet | Found a transporter.
 13358 | Gauntlet | Noticed a reaper
 13369 | Gauntlet | Found a transporter.
 13382 | Gauntlet | Found a large runed translucent door.
 13383 | Gauntlet | Found a large runed translucent door.
 13384 | Gauntlet | Found a large runed translucent door.
 13384 | Gauntlet | Found a large runed translucent door.
 13385 | Gauntlet | Found a runed translucent door.
 13386 | Gauntlet | Found a transporter.
 13387 | Gauntlet | Found a runed translucent door.
 13388 | Gauntlet | Found a transporter.
 13388 | Gauntlet | Found a large runed translucent door.
 13388 | Gauntlet | Found a large runed translucent door.
 13389 | Gauntlet | Found a large runed translucent door.
 13415 | Gauntlet | Found a transporter.
 13437 | Gauntlet | Found a transporter.
 13523 | Gauntlet | Found a large runed translucent door.
 13627 | Gauntlet | 13627 ||| ZAPPING wand of digging (4).
 13714 | Gauntlet | 13714 ||| INVOKING Heroism.
 13724 | Gauntlet | Killed a reaper
 13724 | Gauntlet | Received a gift from Okawaru
 13782 | Gauntlet | 13782 ||| Stepping randomly (stuck).
 13783 | Gauntlet | 13783 ||| Stepping randomly (stuck).
 13784 | Gauntlet | 13784 ||| Stepping randomly (stuck).
 13785 | Gauntlet | 13785 ||| Stepping randomly (stuck).
 13786 | Gauntlet | 13786 ||| Stepping randomly (stuck).
 13788 | Gauntlet | 13788 ||| Stepping randomly (stuck).
 13789 | Gauntlet | 13789 ||| Stepping randomly (stuck).
 13790 | Gauntlet | 13790 ||| Stepping randomly (stuck).
 13791 | Gauntlet | 13791 ||| Stepping randomly (stuck).
 13793 | Gauntlet | 13793 ||| Stepping randomly (stuck).
 13794 | Gauntlet | 13794 ||| Stepping randomly (stuck).
 13795 | Gauntlet | 13795 ||| Stepping randomly (stuck).
 13796 | Gauntlet | 13796 ||| Stepping randomly (stuck).
 13797 | Gauntlet | 13797 ||| Stepping randomly (stuck).
 13799 | Gauntlet | 13799 ||| Stepping randomly (stuck).
 13800 | Gauntlet | 13800 ||| Stepping randomly (stuck).
 13801 | Gauntlet | 13801 ||| Stepping randomly (stuck).
 13802 | Gauntlet | 13802 ||| Stepping randomly (stuck).
 13804 | Gauntlet | 13804 ||| Stepping randomly (stuck).
 13805 | Gauntlet | 13805 ||| Stepping randomly (stuck).
 13806 | Gauntlet | 13806 ||| Stepping randomly (stuck).
 13808 | Gauntlet | 13808 ||| Stepping randomly (stuck).
 13809 | Gauntlet | 13809 ||| Stepping randomly (stuck).
 13810 | Gauntlet | 13810 ||| Stepping randomly (stuck).
 13811 | Gauntlet | 13811 ||| Stepping randomly (stuck).
 13819 | Gauntlet | 13819 ||| DROPPING scarf of shadows.
 13820 | Gauntlet | 13820 ||| DROPPING +6 ring of dexterity.
 13821 | Gauntlet | 13821 ||| UPGRADING to +5 ring of evasion.
 13823 | Gauntlet | 13823 ||| UPGRADING to +4 ring of slaying {mikee}.
 13838 | Gauntlet | Noticed a minotaur
 13839 | Gauntlet | 13839 ||| INVOKING Heroism.
 13847 | Gauntlet | Killed a minotaur
 13886 | Gauntlet | 13886 ||| READING 5 scrolls of identify.
 13886 | Gauntlet | 13886 ||| IDENTIFYING white potion
 13898 | Lair:4   | 13898 ||| PLANNING LAIR
 14318 | Lair:5   | Entered Level 5 of the Lair of Beasts
 14339 | Lair:5   | 14339 ||| INVOKING Heroism.
 14352 | Lair:5   | Received a gift from Okawaru
 14359 | Lair:5   | Reached skill level 13 in Axes
 14435 | Lair:5   | 14435 ||| Stepping ~*~*~tactically~*~*~ (stealth).
 14437 | Lair:5   | 14437 ||| Stepping ~*~*~tactically~*~*~ (stealth).
 14453 | Lair:5   | Reached ***** piety under Okawaru
 14489 | Lair:5   | 14489 ||| INVOKING Heroism.
 14502 | Lair:5   | 14502 ||| INVOKING Finesse.
 14552 | Lair:5   | Received a gift from Okawaru
 14554 | Lair:5   | Gained mutation: Your large and strong wings let you fly.
                  | [Gargoyle growth]
 14554 | Lair:5   | Reached XP level 14. HP: 37/88 MP: 18/21
 14564 | Lair:5   | Reached skill level 14 in Axes
 14594 | Lair:5   | HP: 22/90 [spriggan rider/+0 spear (3)]
 14595 | Lair:5   | 14595 ||| DRINKING 3 potions of heal wounds.
 14604 | Lair:5   | 14604 ||| INVOKING Heroism.
 14604 | Lair:5   | HP: 22/90 [spriggan rider/+0 spear (7)]
 14605 | Lair:5   | 14605 ||| DRINKING 2 potions of heal wounds.
 14609 | Lair:5   | HP: 15/90 [spriggan rider/+0 spear (19)]
 14610 | Lair:5   | 14610 ||| DRINKING potion of heal wounds.
 14612 | Lair:5   | Received a gift from Okawaru
 14616 | Lair:5   | HP: 21/90 [spriggan/+0 dagger (8)]
 14621 | Lair:5   | HP: 19/90 [spriggan rider/+0 spear (6)]
 14623 | Lair:5   | HP: 6/90 [spriggan rider/+0 spear (8)]
 14629 | Lair:5   | Reached skill level 12 in Shields
 14701 | Lair:5   | 14701 ||| SWAPPING to +4 broad axe of venom.
 14702 | Lair:5   | 14702 ||| DROPPING +0 broad axe of electrocution.
 14803 | Lair:5   | 14803 ||| READING scroll of enchant armour.
 14803 | Lair:5   | 14803 ||| ENCHANTING +1 pair of gloves.
 14887 | Lair:5   | Found a frozen archway.
 14917 | Lair:5   | 14917 ||| INVOKING Heroism.
 14947 | Lair:5   | 14947 ||| INVOKING Finesse.
 14993 | Lair:5   | 14993 ||| Stepping ~*~*~tactically~*~*~ (stealth).
 15013 | Lair:5   | 15013 ||| INVOKING Heroism.
 15037 | Lair:5   | 15037 ||| Stepping ~*~*~tactically~*~*~ (stealth).
 15039 | Lair:5   | 15039 ||| Stepping ~*~*~tactically~*~*~ (stealth).
 15041 | Lair:5   | 15041 ||| Stepping ~*~*~tactically~*~*~ (stealth).
 15050 | Lair:5   | 15050 ||| Stepping ~*~*~tactically~*~*~ (stealth).
 15063 | Lair:5   | 15063 ||| Stepping ~*~*~tactically~*~*~ (stealth).
 15065 | Lair:5   | 15065 ||| Stepping ~*~*~tactically~*~*~ (stealth).
 15181 | Lair:5   | 15181 ||| INVOKING Heroism.
 15311 | Lair:5   | Identified the ring of Metuck {Fire +Blink Str+4 Stlth-}
 15492 | Lair:5   | 15492 ||| PLANNING D:1-11
 15492 | Lair:5   | 15492 ||| UPGRADING to amulet of reflection.
 15502 | Lair:5   | 15502 ||| DROPPING amulet of regeneration.
 15503 | Lair:5   | 15503 ||| READING 5 scrolls of identify.
 15503 | Lair:5   | 15503 ||| IDENTIFYING metallic purple potion
 15504 | Lair:5   | 15504 ||| DROPPING potion of degeneration.
 15896 | D:9      | 15896 ||| Stepping ~*~*~tactically~*~*~ (hiding).
 16019 | D:9      | Found an ancient bone altar of Kikubaaqudgha.
 16019 | D:9      | Found a sparkling altar of Nemelex Xobeh.
 16020 | D:9      | 16020 ||| Stepping ~*~*~tactically~*~*~ (hiding).
 16104 | D:9      | Found Apryic's Distillery.
 16115 | D:9      | 16115 ||| BUYING 2 potions of attraction (66 gold).
 16115 | D:9      | Bought 2 potions of attraction for 66 gold pieces
 16115 | D:9      | 16115 ||| BUYING potion of attraction (33 gold).
 16115 | D:9      | Bought a potion of attraction for 33 gold pieces
 16115 | D:9      | 16115 ||| BUYING potion of curing (33 gold).
 16115 | D:9      | Bought a potion of curing for 33 gold pieces
 16115 | D:9      | 16115 ||| BUYING potion of haste (110 gold).
 16115 | D:9      | Bought a potion of haste for 110 gold pieces
 16115 | D:9      | 16115 ||| BUYING potion of lignification (33 gold).
 16115 | D:9      | Bought a potion of lignification for 33 gold pieces
 16160 | D:9      | Found a shimmering altar of Xom.
 16254 | D:9      | Found a flagged portal.
 16382 | D:9      | 16382 ||| READING scroll labelled FUATEMAE KAVVO.
 16415 | D:10     | Entered Level 10 of the Dungeon
 16456 | D:10     | 16456 ||| Stepping ~*~*~tactically~*~*~ (hiding).
 16457 | D:10     | Noticed Harold
 16472 | D:10     | Killed Harold
 16544 | D:10     | Noticed Fannar
 16545 | D:10     | 16545 ||| Stepping ~*~*~tactically~*~*~ (hiding).
 16548 | D:10     | 16548 ||| Stepping ~*~*~tactically~*~*~ (hiding).
 16550 | D:10     | 16550 ||| Stepping ~*~*~tactically~*~*~ (hiding).
 16551 | D:10     | 16551 ||| Stepping ~*~*~tactically~*~*~ (hiding).
 16560 | D:10     | 16560 ||| INVOKING Heroism.
 16561 | D:10     | Killed Fannar
 16592 | D:10     | 16592 ||| Stepping ~*~*~tactically~*~*~ (stealth).
 16594 | D:10     | 16594 ||| Stepping ~*~*~tactically~*~*~ (stealth).
 16605 | D:10     | 16605 ||| Stepping ~*~*~tactically~*~*~ (stealth).
 16682 | D:10     | 16682 ||| Stepping ~*~*~tactically~*~*~ (stealth).
 17000 | D:10     | Noticed Urug
 17001 | D:10     | 17001 ||| INVOKING Heroism.
 17002 | D:10     | 17002 ||| INVOKING Finesse.
 17003 | D:10     | Noticed Nergalle
 17008 | D:10     | Killed Urug
 17019 | D:10     | Killed Nergalle
 17078 | D:10     | 17078 ||| Stepping ~*~*~tactically~*~*~ (hiding).
 17188 | D:10     | 17188 ||| READING scroll of enchant armour.
 17188 | D:10     | 17188 ||| ENCHANTING +0 pair of boots.
 17491 | D:10     | 17491 ||| READING scroll labelled SASOLUANIFI.
 17491 | D:10     | Identified a scroll of acquirement
 17491 | D:10     | 17491 ||| ACQUIRING amulet of the Dragon {Faith +Inv rPois
                  | rC- Will+}
 17491 | D:10     | Acquired the amulet of the Dragon {Faith +Inv rPois rC-
                  | Will+}
 17493 | D:10     | 17493 ||| UPGRADING to amulet of the Dragon {Faith +Inv
                  | rPois rC- Will+}.
 17503 | D:10     | 17503 ||| UPGRADING to ring of Metuck {Fire +Blink Str+4
                  | Stlth-}.
 17505 | D:10     | 17505 ||| READING 6 scrolls of identify.
 17505 | D:10     | 17505 ||| IDENTIFYING purple potion
 17541 | D:11     | 17541 ||| INVOKING Heroism.
 17562 | D:11     | Reached skill level 15 in Axes
 17568 | D:11     | Noticed Gastronok
 17569 | D:11     | 17569 ||| Stepping ~*~*~tactically~*~*~ (hiding).
 17583 | D:11     | Killed Gastronok
 17585 | D:11     | 17585 ||| Stepping ~*~*~tactically~*~*~ (stealth).
 17615 | D:11     | 17615 ||| INVOKING Heroism.
 17616 | D:11     | 17616 ||| READING scroll of teleportation.
 17781 | D:11     | Identified the +1 cloak "Tavurph" {-Cast Rampage rElec
                  | Stlth+}
 17819 | D:11     | 17819 ||| Stepping ~*~*~tactically~*~*~ (stealth).
 17821 | D:11     | 17821 ||| INVOKING Heroism.
 17822 | D:11     | 17822 ||| INVOKING Finesse.
 17831 | D:11     | Received a gift from Okawaru
 17867 | D:11     | 17867 ||| Stepping ~*~*~tactically~*~*~ (stealth).
 17869 | D:11     | 17869 ||| Stepping ~*~*~tactically~*~*~ (stealth).
 17879 | D:11     | 17879 ||| FLEEEEING.
 17880 | D:11     | 17880 ||| FLEEEEING.
 17881 | D:11     | 17881 ||| FLEEEEING.
 17882 | D:11     | 17882 ||| FLEEEEING.
 17883 | D:11     | 17883 ||| FLEEEEING.
 17884 | D:11     | 17884 ||| FLEEEEING.
 17885 | D:11     | 17885 ||| FLEEEEING.
 17886 | D:11     | 17886 ||| FLEEEEING.
 17887 | D:11     | 17887 ||| FLEEEEING.
 17888 | D:11     | 17888 ||| FLEEEEING.
 17923 | D:11     | 17923 ||| Stepping ~*~*~tactically~*~*~ (stealth).
 17925 | D:11     | 17925 ||| INVOKING Heroism.
 17926 | D:11     | 17926 ||| INVOKING Finesse.
 17927 | D:11     | 17927 ||| INVOKING Finesse.
 17930 | D:11     | 17930 ||| UPGRADING to +1 cloak "Tavurph" {-Cast Rampage
                  | rElec Stlth+}.
 17932 | D:11     | 17932 ||| SWAPPING to +2 war axe of flaming.
 17934 | D:11     | Received a gift from Okawaru
 17934 | D:11     | Found the +15 Maxwell's patent armour {-Cast -Tele rElec
                  | Will+ rCorr}
 17935 | D:11     | 17935 ||| SWAPPING to +4 broad axe of venom.
 17936 | D:11     | 17936 ||| UPGRADING to +1 cloak "Tavurph" {-Cast Rampage
                  | rElec Stlth+}.
 17946 | D:11     | 17946 ||| DROPPING +0 cloak.
 17947 | D:11     | 17947 ||| UPGRADING to +2 hat.
 18019 | D:11     | Identified the +5 great sword of Yzxumin {heavy, *Noise
                  | rElec rCorr Str+4}
 18020 | D:11     | 18020 ||| Stepping ~*~*~tactically~*~*~ (stealth).
 18113 | D:11     | 18113 ||| Stepping ~*~*~tactically~*~*~ (stealth).
 18115 | D:11     | 18115 ||| Stepping ~*~*~tactically~*~*~ (stealth).
 18117 | D:11     | 18117 ||| Stepping ~*~*~tactically~*~*~ (stealth).
 18130 | D:11     | 18130 ||| Stepping ~*~*~tactically~*~*~ (hiding).
 18138 | D:11     | 18138 ||| INVOKING Heroism.
 18247 | D:11     | 18247 ||| Stepping ~*~*~tactically~*~*~ (hiding).
 18423 | D:11     | Found a staircase to the Orcish Mines.
 18498 | D:11     | 18498 ||| FLEEEEING.
 18499 | D:11     | 18499 ||| FLEEEEING.
 18500 | D:11     | 18500 ||| FLEEEEING.
 18501 | D:11     | 18501 ||| FLEEEEING.
 18502 | D:11     | 18502 ||| FLEEEEING.
 18503 | D:11     | 18503 ||| FLEEEEING.
 18504 | D:11     | 18504 ||| FLEEEEING.
 18507 | D:11     | 18507 ||| FLEEEEING.
 18508 | D:11     | 18508 ||| FLEEEEING.
 18509 | D:11     | 18509 ||| FLEEEEING.
 18510 | D:11     | 18510 ||| FLEEEEING.
 18511 | D:11     | 18511 ||| FLEEEEING.
 18512 | D:11     | 18512 ||| FLEEEEING.
 18513 | D:11     | 18513 ||| FLEEEEING.
 18514 | D:11     | 18514 ||| FLEEEEING.
 18515 | D:11     | 18515 ||| FLEEEEING.
 18516 | D:11     | 18516 ||| FLEEEEING.
 18517 | D:11     | 18517 ||| FLEEEEING.
 18518 | D:11     | 18518 ||| FLEEEEING.
 18519 | D:11     | 18519 ||| FLEEEEING.
 18520 | D:11     | 18520 ||| FLEEEEING.
 18521 | D:11     | 18521 ||| STAIRDANCE
 18625 | D:11     | 18625 ||| INVOKING Heroism.
 18632 | D:11     | Reached XP level 15. HP: 64/96 MP: 19/22
 18728 | D:11     | 18728 ||| READING scroll of enchant weapon.
 18728 | D:11     | 18728 ||| ENCHANTING +4 broad axe of venom.
 18936 | D:11     | Found Wijied's Demolitions Depot.
 19093 | D:11     | Identified the amulet of Pygagh {Reflect Contam rPois rC+++
                  | SH+5 Stlth-}
 19174 | D:11     | Reached skill level 12 in Fighting
 19327 | D:11     | 19327 ||| PLANNING D
 19327 | D:11     | 19327 ||| DROPPING amulet of reflection.
 19559 | D:12     | 19559 ||| Stepping ~*~*~tactically~*~*~ (stealth).
 19637 | D:12     | Noticed Josephine
 19648 | D:12     | Killed Josephine
 20070 | D:12     | 20070 ||| READING scroll labelled OCOKENW UDDI.
 20127 | D:13     | 20127 ||| Stepping ~*~*~tactically~*~*~ (stealth).
 20129 | D:13     | Found a gate to the Vaults.
 20137 | D:13     | 20137 ||| FLEEEEING.
 20141 | D:13     | 20141 ||| FLEEEEING.
 20147 | D:13     | 20147 ||| STAIRDANCE
 20178 | D:13     | 20178 ||| Stepping ~*~*~tactically~*~*~ (hiding).
 20189 | D:13     | 20189 ||| STAIRDANCE
 20223 | D:13     | 20223 ||| READING scroll of teleportation.
 20224 | D:13     | 20224 ||| INVOKING Heroism.
 20295 | D:13     | 20295 ||| Stepping ~*~*~tactically~*~*~ (stealth).
 20298 | D:13     | 20298 ||| Stepping ~*~*~tactically~*~*~ (stealth).
 20389 | D:13     | Found a transporter.
 20423 | D:13     | Found a transporter.
 20560 | D:13     | 20560 ||| INVOKING Heroism.
 20734 | D:13     | Reached skill level 16 in Axes
 20736 | D:13     | 20736 ||| INVOKING Heroism.
 20738 | D:13     | 20738 ||| READING scroll of teleportation.
 20741 | D:13     | 20741 ||| Stepping ~*~*~tactically~*~*~ (hiding).
 20950 | D:13     | 20950 ||| Stepping ~*~*~tactically~*~*~ (stealth).
 20952 | D:13     | 20952 ||| Stepping ~*~*~tactically~*~*~ (stealth).
 20954 | D:13     | 20954 ||| Stepping ~*~*~tactically~*~*~ (stealth).
 20963 | D:13     | 20963 ||| INVOKING Heroism.
 21048 | D:13     | 21048 ||| FLEEEEING.
 21049 | D:13     | 21049 ||| FLEEEEING.
 21050 | D:13     | 21050 ||| FLEEEEING.
 21149 | D:13     | Found Xuajegeu's Magic Scroll Boutique.
 21156 | D:13     | 21156 ||| BUYING scroll of enchant armour (120 gold).
 21156 | D:13     | Bought a scroll of enchant armour for 120 gold pieces
 21156 | D:13     | 21156 ||| BUYING scroll of teleportation (48 gold).
 21156 | D:13     | Bought a scroll of teleportation for 48 gold pieces
 21156 | D:13     | 21156 ||| BUYING scroll of teleportation (48 gold).
 21156 | D:13     | Bought a scroll of teleportation for 48 gold pieces
 21156 | D:13     | 21156 ||| BUYING scroll of teleportation (48 gold).
 21156 | D:13     | Bought a scroll of teleportation for 48 gold pieces
 21156 | D:13     | 21156 ||| READING scroll of enchant armour.
 21156 | D:13     | 21156 ||| ENCHANTING +1 pair of boots.
 21176 | D:13     | 21176 ||| Stepping ~*~*~tactically~*~*~ (hiding).
 21322 | D:13     | 21322 ||| Stepping ~*~*~tactically~*~*~ (stealth).
 21323 | D:13     | 21323 ||| Stepping ~*~*~tactically~*~*~ (stealth).
 21325 | D:13     | 21325 ||| Stepping ~*~*~tactically~*~*~ (hiding).
 21344 | D:13     | Found a transporter.
 21430 | D:13     | Found a transporter.
 21601 | D:13     | 21601 ||| Stepping ~*~*~tactically~*~*~ (stealth).
 21890 | D:14     | Received a gift from Okawaru
 21957 | D:14     | 21957 ||| FLEEEEING.
 21958 | D:14     | 21958 ||| FLEEEEING.
 21959 | D:14     | 21959 ||| Stepping ~*~*~tactically~*~*~ (hiding).
 22022 | D:14     | 22022 ||| Stepping ~*~*~tactically~*~*~ (hiding).
 22031 | D:14     | Reached skill level 3 in Dodging
 22324 | D:14     | 22324 ||| INVOKING Heroism.
 22325 | D:14     | 22325 ||| INVOKING Finesse.
 22327 | D:14     | 22327 ||| SWAPPING to +2 war axe of flaming.
 22335 | D:14     | 22335 ||| SWAPPING to +5 broad axe of protection.
 22535 | D:14     | 22535 ||| Stepping ~*~*~tactically~*~*~ (stealth).
 22948 | D:15     | Entered Level 15 of the Dungeon
 22949 | D:15     | 22949 ||| INVOKING Heroism.
 22949 | D:15     | Paralysed by an ogre mage for 3 turns
 22980 | D:15     | HP: 20/96 [yaktaur/bolt (13)]
 22981 | D:15     | 22981 ||| READING 3 scrolls of teleportation.
 23207 | D:15     | 23207 ||| Stepping ~*~*~tactically~*~*~ (hiding).
 23208 | D:15     | 23208 ||| Stepping ~*~*~tactically~*~*~ (hiding).
 23212 | D:15     | 23212 ||| INVOKING Heroism.
 23288 | D:15     | 23288 ||| INVOKING Heroism.
 23289 | D:15     | 23289 ||| SWAPPING to +2 war axe of flaming.
 23293 | D:15     | 23293 ||| SWAPPING to +5 broad axe of protection.
 23302 | D:15     | 23302 ||| Stepping ~*~*~tactically~*~*~ (hiding).
 23318 | D:15     | 23318 ||| Stepping ~*~*~tactically~*~*~ (hiding).
 23373 | D:15     | 23373 ||| Stepping ~*~*~tactically~*~*~ (stealth).
 23374 | D:15     | 23374 ||| Stepping ~*~*~tactically~*~*~ (stealth).
 23377 | D:15     | Received a gift from Okawaru
 23378 | D:15     | Reached skill level 17 in Axes
 23381 | D:15     | 23381 ||| Stepping ~*~*~tactically~*~*~ (stealth).
 23388 | D:15     | 23388 ||| Stepping ~*~*~tactically~*~*~ (stealth).
 23443 | D:15     | 23443 ||| INVOKING Heroism.
 23445 | D:15     | Reached XP level 16. HP: 71/101 MP: 20/23
 23500 | D:15     | 23500 ||| Stepping ~*~*~tactically~*~*~ (stealth).
 23504 | D:15     | 23504 ||| Stepping ~*~*~tactically~*~*~ (stealth).
 23633 | D:15     | 23633 ||| INVOKING Heroism.
 23761 | D:15     | 23761 ||| Stepping ~*~*~tactically~*~*~ (stealth).
 23766 | D:15     | 23766 ||| Stepping ~*~*~tactically~*~*~ (stealth).
 23804 | D:15     | 23804 ||| Stepping ~*~*~tactically~*~*~ (hiding).
 23830 | D:15     | 23830 ||| INVOKING Heroism.
 23831 | D:15     | 23831 ||| INVOKING Finesse.
 23906 | D:15     | 23906 ||| Stepping ~*~*~tactically~*~*~ (hiding).
 24102 | D:15     | 24102 ||| Stepping ~*~*~tactically~*~*~ (stealth).
 24104 | D:15     | 24104 ||| Stepping ~*~*~tactically~*~*~ (hiding).
 24377 | D:15     | 24377 ||| INVOKING Heroism.
 24592 | D:15     | Found a staircase to the Depths.
 24688 | D:15     | 24688 ||| PLANNING ORC
 24788 | Orc:1    | Entered Level 1 of the Orcish Mines
 24800 | Orc:1    | Reached skill level 12 in Armour
 24829 | Orc:1    | 24829 ||| Stepping ~*~*~tactically~*~*~ (hiding).
 24833 | Orc:1    | 24833 ||| INVOKING Heroism.
 24834 | Orc:1    | 24834 ||| INVOKING Finesse.
 24850 | Orc:1    | Received a gift from Okawaru
 25028 | Orc:2    | Entered Level 2 of the Orcish Mines
 25029 | Orc:2    | 25029 ||| INVOKING Heroism.
 25030 | Orc:2    | 25030 ||| INVOKING Finesse.
 25031 | Orc:2    | 25031 ||| INVOKING Finesse.
 25059 | Orc:2    | Reached skill level 6 in Throwing
 25070 | Orc:2    | 25070 ||| STAIRDANCE
 25229 | Orc:2    | 25229 ||| INVOKING Heroism.
 25273 | Orc:2    | 25273 ||| INVOKING Heroism.
 25325 | Orc:2    | 25325 ||| FLEEEEING.
 25326 | Orc:2    | 25326 ||| STAIRDANCE
 25506 | Orc:1    | Noticed Maurice
 25506 | Orc:1    | You are sucked into a shaft and drop 1 floor!
 25506 | Orc:2    | Found Nuasalits's Jewellery Shoppe.
 25531 | Orc:1    | Killed Maurice
 25686 | Orc:2    | 25686 ||| INVOKING Heroism.
 25687 | Orc:2    | 25687 ||| INVOKING Finesse.
 25801 | Orc:2    | Found Defeoful's General Store.
 25802 | Orc:2    | 25802 ||| INVOKING Heroism.
 25811 | Orc:2    | Received a gift from Okawaru
 25867 | Orc:2    | 25867 ||| INVOKING Heroism.
 25885 | Orc:2    | 25885 ||| BUYING +5 ring of evasion (360 gold).
 25885 | Orc:2    | Bought a +5 ring of evasion for 360 gold pieces
 25946 | Orc:2    | 25946 ||| BUYING potion of lignification (39 gold).
 25946 | Orc:2    | Bought a potion of lignification for 39 gold pieces
 25946 | Orc:2    | 25946 ||| BUYING wand of digging (5) (273 gold).
 25946 | Orc:2    | Bought a wand of digging (5) for 273 gold pieces
 25987 | Orc:2    | Found Kyxaost's Antique Weapon Emporium.
 26027 | Orc:2    | 26027 ||| DROPPING +0 fire dragon scales.
 26028 | Orc:2    | 26028 ||| DROPPING +3 scale mail of cold resistance.
 26029 | Orc:2    | 26029 ||| DROPPING +0 ice dragon scales.
 26030 | Orc:2    | 26030 ||| UPGRADING to +3 plate armour.
 26040 | Orc:2    | 26040 ||| DROPPING +0 plate armour.
 26041 | Orc:2    | 26041 ||| UPGRADING to +3 plate armour of fire resistance.
 26051 | Orc:2    | 26051 ||| DROPPING +3 plate armour.
 26052 | Orc:2    | 26052 ||| UPGRADING to +4 ring of slaying {mikee}.
 26054 | Orc:2    | 26054 ||| UPGRADING to +5 ring of evasion.
 26056 | Orc:2    | 26056 ||| DROPPING +4 ring of slaying {mikee}.
 26134 | Orc:2    | 26134 ||| Stepping ~*~*~tactically~*~*~ (stealth).
 26135 | Orc:2    | 26135 ||| Stepping ~*~*~tactically~*~*~ (stealth).
 26136 | Orc:2    | 26136 ||| Stepping ~*~*~tactically~*~*~ (stealth).
 26137 | Orc:2    | 26137 ||| Stepping ~*~*~tactically~*~*~ (stealth).
 26138 | Orc:2    | 26138 ||| INVOKING Heroism.
 26140 | Orc:2    | 26140 ||| Stepping ~*~*~tactically~*~*~ (hiding).
 26186 | Orc:2    | Found Apnilu's Antique Armour Emporium.
 26194 | Orc:2    | 26194 ||| SHOPLISTING glowing plate armour (780 gold, have
                  | 755).
 26195 | Orc:2    | Found a staircase to the Elven Halls.
 26198 | Orc:2    | 26198 ||| Stepping ~*~*~tactically~*~*~ (stealth).
 26237 | Orc:2    | 26237 ||| Stepping ~*~*~tactically~*~*~ (stealth).
 26383 | Orc:2    | 26383 ||| PLANNING SWAMP:1-3
 26604 | Swamp:1  | Entered Level 1 of the Swamp
 26605 | Swamp:1  | 26605 ||| INVOKING Heroism.
 26703 | Swamp:1  | 26703 ||| READING scroll of enchant armour.
 26703 | Swamp:1  | 26703 ||| ENCHANTING +3 plate armour of fire resistance.
 26775 | Swamp:1  | 26775 ||| INVOKING Heroism.
 26831 | Swamp:1  | Found the +1 robe of Vines {NoPotionHeal Regen++++}
 26912 | Swamp:1  | Noticed Jorgrun
 26913 | Swamp:1  | 26913 ||| INVOKING Heroism.
 26921 | Swamp:1  | Reached skill level 18 in Axes
 26931 | Swamp:1  | Killed Jorgrun
 26933 | Swamp:1  | 26933 ||| PLANNING SWAMP:1-3
 27297 | Swamp:1  | 27297 ||| INVOKING Heroism.
 27513 | Swamp:1  | 27513 ||| READING scroll labelled QAESKO ICEAK.
 27620 | Swamp:2  | 27620 ||| Stepping ~*~*~tactically~*~*~ (hiding).
 27622 | Swamp:2  | 27622 ||| Stepping ~*~*~tactically~*~*~ (hiding).
 27650 | Swamp:2  | 27650 ||| Stepping ~*~*~tactically~*~*~ (stealth).
 27652 | Swamp:2  | 27652 ||| Stepping ~*~*~tactically~*~*~ (stealth).
 27655 | Swamp:2  | 27655 ||| INVOKING Heroism.
 27656 | Swamp:2  | 27656 ||| Stepping ~*~*~tactically~*~*~ (stealth).
 27660 | Swamp:2  | Received a gift from Okawaru
 27681 | Swamp:2  | 27681 ||| READING 2 scrolls of teleportation.
 27685 | Swamp:2  | 27685 ||| READING scroll of teleportation.
 27691 | Swamp:2  | 27691 ||| FLEEEEING.
 27694 | Swamp:2  | 27694 ||| SWAPPING to +2 war axe of flaming.
 27698 | Swamp:2  | HP: 25/104 [three-headed hydra[a spriggan druid] (8)]
 27703 | Swamp:2  | 27703 ||| SWAPPING to +5 broad axe of protection.
 27711 | Swamp:2  | HP: 25/104 [ghost crab] (4)]
 27712 | Swamp:2  | 27712 ||| INVOKING Heroism.
 27712 | Swamp:2  | HP: 9/104 [goliath frog[a spriggan druid] (16)]
 27712 | Swamp:2  | HP: 2/104 [acid[a spriggan druid] (7)]
 27713 | Swamp:2  | Killed from afar by a bog body

Levels and vault maps discovered:
D:1:      amcnicky_arrival_choice, layout_basic, minmay_heptomino_o4
D:2:      layout_basic
D:3:      minmay_angry_zag, layout_basic, gup_sewer_entry_bowl
D:4:      layout_basic
D:5:      lemuel_castle_with_subvaults [lemuel_castle_interior_carwin_1],
          layout_cave_pools, fedhas_ov_isle_minmay,
          minmay_temple_entry_statues_fountains, minmay_holes,
          kennysheep_small_spiral, roderic_roman_lattice, uniq_sigmund
D:6:      layout_cave_pools, mainiacjoe_overflow_catwalk, minivault_5,
          nicolae_specific_store
D:7:      layout_rooms, nicolae_ashenzari_skybound, marbit_many_paths,
          okawaru_altar_gauntlet_db, serial_shops,
          nicolae_shop_just_a_little_nook, kennysheep_nub, st_stairs_6,
          doesnt_shop_hydraphobe, uniq_crazy_yiuf_cottage
D:8:      minmay_weird_star, layout_basic, dpeg_lair_monsters, uniq_grum,
          uniq_amaemon, uniq_maggie, uniq_psyche
D:9:      layout_loops_ring, mainiacjoe_overflow_surrounded_room,
          gammafunk_temple_overflow_pools, enter_bailey_3, serial_shops, shop
D:10:     layout_basic, uniq_fannar, uniq_harold, uniq_nergalle, uniq_urug
D:11:     minmay_box_of_curves, layout_long_grid, david_orc_2,
          nicolae_blasting_shop, uniq_gastronok
D:12:     layout_irregular_city, feat_on_display, uniq_josephine
D:13:     layout_loops_corners, david_vaults_2, serial_shops, shop,
          nicolae_diode_intersection
D:14:     layout_basic, chequers_hall_statues_wall_a,
          nicolae_concentric_dashed_squares_wild
D:15:     grunt_enter_depths_hoard, layout_loops_ring, serial_demonic,
          serial_demonic_c, serial_demonic_e, serial_demonic_e,
          serial_demonic_a, minmay_shattered_shrine
Temple:   zaba_magenta_temple
Lair:1:   layout_cave_pods, grunt_megastairs_2, lemuel_fruit_fields
Lair:2:   layout_cave_pods, minmay_swamp_entry_worms,
          pdpol_lair_cabin_in_the_woods
Lair:3:   layout_cave_pods, nicolae_spider_entry_lesser_pyramids,
          nicolae_volcano_entry_lava_flow
Lair:4:   layout_gridlike, slime_entry_1, gauntlet_entry_generic
Lair:5:   minmay_lair_end_enchanted_forest, layout_gridlike,
          portal_ice_cave_entry_animals_and_master
Swamp:1:  layout_basic_swamp, nicolae_swamp_oxbows, swamp_pool3, uniq_jorgrun
Swamp:2:  layout_basic_swamp, evilmike_swamp_ruin_house_2,
          infiniplex_staircase_pool
Orc:1:    layout_diamond_mine, uniq_maurice
Orc:2:    grunt_orc_gardens, layout_diamond_mine, grunt_orc_garden,
          grunt_orc_garden, grunt_orc_garden, grunt_orc_garden

Skill      XL: |  1  2  3  4  5  6  7  8  9 10 11 12 13 14 15 16 |
---------------+-------------------------------------------------+-----
Axes           | 2 3 4 5 6 7 9 10 12 13 15 17 18 | 18.0
Dodging        | 1 2 3 |  3.0
Fighting       | 4 5 6 7 8 9 10 11 12 13 | 13.6
Armour         | 4 7 8 9 10 11 12 | 12.0
Shields        | 4 6 7 11 12 13 | 13.5
Invocations    | 3 4 5 9 10 | 10.0
Throwing       | 1 2 3 4 5 6 |  6.1

Action                     |  1- 3 |  4- 6 |  7- 9 | 10-12 | 13-15 | 16-18 || total
---------------------------+-------+-------+-------+-------+-------+-------++-------
  Melee: War axe           |   120 |   150 |   369 |   366 |   265 |     8 ||  1278
         Demon whip        |       |       |       |    11 |       |       ||    11
         Broad axe         |       |       |       |       |   588 |   427 ||  1015
  Throw: Boomerang         |       |       |     2 |    94 |    22 |     6 ||   124
         Javelin           |       |       |       |    38 |   129 |    31 ||   198
 Invoke: Heroism           |       |       |     2 |    27 |    26 |    17 ||    72
         Finesse           |       |       |       |       |     6 |     4 ||    10
  Evoke: Wand              |       |       |       |       |     1 |       ||     1
    Use: Scroll            |     9 |     1 |     8 |     4 |    14 |     4 ||    40
         Potion            |     2 |       |     2 |     5 |     3 |       ||    12
 Armour: Scale mail        |    55 |    22 |       |       |       |       ||    77
         Chain mail        |       |    45 |   170 |       |       |       ||   215
         Plate armour      |       |       |    44 |   166 |   426 |   167 ||   803
  Dodge: Dodged            |    39 |    61 |   109 |   106 |   302 |   199 ||   816
  Block: Buckler           |    23 |    53 |    88 |    92 |       |       ||   256
         Kite shield       |       |       |       |    21 |   452 |   249 ||   722
         Reflection        |       |       |       |       |     4 |       ||     4

Table legend:
 A = Non-vault XP
 B = Vault XP
 C = Vault XP percentage of total XP
 D = Non-vault monster count
 E = Vault monster count
 F = Vault count percentage of total count
                 A         B        C        D         E       F
            +---------+---------+-------+---------+---------+-------
      Total |  112600 |   65339 |  36.7 |     569 |     239 |  29.6
            +---------+---------+-------+---------+---------+-------
        D:1 |      34 |       3 |   8.1 |      21 |       2 |   8.7
        D:2 |      35 |       0 |   0.0 |      14 |       0 |   0.0
        D:3 |     200 |      26 |  11.5 |      25 |       8 |  24.2
        D:4 |     343 |       0 |   0.0 |      18 |       0 |   0.0
        D:5 |     486 |     602 |  55.3 |      15 |      40 |  72.7
        D:6 |     983 |       0 |   0.0 |      23 |       0 |   0.0
        D:7 |     442 |     101 |  18.6 |       9 |       7 |  43.8
        D:8 |    1986 |    5095 |  72.0 |      40 |      20 |  33.3
        D:9 |    1674 |       7 |   0.4 |      12 |       4 |  25.0
       D:10 |     839 |    3327 |  79.9 |      18 |       4 |  18.2
       D:11 |    5393 |    9182 |  63.0 |      16 |      21 |  56.8
       D:12 |    3899 |    1986 |  33.7 |      14 |       5 |  26.3
       D:13 |    7868 |     749 |   8.7 |      24 |       2 |   7.7
       D:14 |   12061 |       0 |   0.0 |      28 |       0 |   0.0
       D:15 |   13653 |   12296 |  47.4 |      32 |      20 |  38.5
     Lair:1 |    1831 |    1587 |  46.4 |       8 |       6 |  42.9
     Lair:2 |    4302 |    2395 |  35.8 |      21 |       8 |  27.6
     Lair:3 |    5602 |    1546 |  21.6 |      25 |       4 |  13.8
     Lair:4 |    8246 |       0 |   0.0 |      25 |       0 |   0.0
     Lair:5 |   19527 |   10235 |  34.4 |      70 |      48 |  40.7
    Swamp:1 |    5604 |    1895 |  25.3 |      11 |       1 |   8.3
    Swamp:2 |    6564 |       0 |   0.0 |      10 |       0 |   0.0
      Orc:1 |    4435 |     462 |   9.4 |      39 |       1 |   2.5
      Orc:2 |    6593 |   10268 |  60.9 |      51 |      27 |  34.6
   Gauntlet |       0 |    3577 | 100.0 |       0 |      11 | 100.0
            +---------+---------+-------+---------+---------+-------
